 Dungeon Crawl Stone Soup version 0.25-a0-516-g7d600cd9ad (webtiles) character file.

Game seed: 4706360651890860965, levelgen mode: deterministic

1086 Emblim88 the Nimble (level 8, -2/40 HPs)
             Began as a Spriggan Berserker on Feb 16, 2020.
             Was a Priest of Trog.
             Slain by an orc priest
             ... wielding a +0 short sword
              (4 damage)
             ... on level 5 of the Dungeon on Feb 17, 2020.
             The game lasted 00:16:13 (5578 turns).

Emblim88 the Nimble (Spriggan Berserker)            Turns: 5578, Time: 00:16:14

Health: -2/40      AC:  2    Str: 13    XL:     8   Next: 9%
Magic:  12/12      EV: 27    Int:  8    God:    Trog [***...]
Gold:   332        SH:  0    Dex: 18    Spells: 7/7 levels left

rFire    . . .     SeeInvis +   u - +0 scimitar
rCold    . . .     Gourm    .   (shield restricted)
rNeg     . . .     Faith    .   p - +0 robe
rPois    .         Spirit   .   (helmet restricted)
rElec    .         Reflect  .   (no cloak)
rCorr    .         Harm     .   (gloves unavailable)
MR       +....                  (boots unavailable)
Stlth    ++........             (no amulet)
HPRegen  0.13/turn              (no ring)
MPRegen  0.13/turn              (no ring)

@: very quick
A: very small, unfitting armour, see invisible, herbivore, speed 3, slow
metabolism 2
a: Berserk, Trog's Hand, Renounce Religion


You were on level 5 of the Dungeon.
You worshipped Trog.
Trog was most pleased with you.
You were hungry.

You visited 1 branch of the dungeon, and saw 5 of its levels.

You collected 332 gold pieces.

Inventory:

Hand Weapons
 a - a +0 short sword
 r - a +0 hunting sling
 u - a +0 scimitar (weapon)
Missiles
 d - 193 stones
 i - 6 boomerangs
 o - 58 sling bullets
 s - 42 poisoned darts (quivered)
Armour
 p - a +0 robe (worn)
Wands
 b - a wand of polymorph (7)
 t - a wand of disintegration (20)
Scrolls
 e - a scroll of enchant armour {unknown}
 f - 4 scrolls of remove curse
 h - 2 scrolls of magic mapping {unknown}
 l - 3 scrolls of teleportation
 n - a scroll of enchant weapon {unknown}
 q - a scroll of fog {unknown}
Potions
 g - a potion of haste
 j - a potion of agility
 k - a potion of invisibility {unknown}
 m - 2 potions of mutation
Comestibles
 c - 4 rations


   Skills:
 - Level 3.0 Fighting
 - Level 4.5(4.7) Short Blades
 * Level 1.4(2.6) Long Blades
 - Level 2.8 Throwing
 - Level 10.3 Dodging
 - Level 1.0 Stealth
 - Level 5.3 Evocations


You had 7 spell levels left.
You didn't know any spells.
Your spell library was empty.

Dungeon Overview and Level Annotations

Branches:
Dungeon (5/15)             Temple (0/1) D:5

Altars:
Wu Jian
Zin


Innate Abilities, Weirdness & Mutations

You are very small and have problems with some larger weapons.
You are too small for most types of armour.
You have supernaturally acute eyesight. (SInv)
You are a herbivore.
You cover ground extremely quickly.
You need to consume almost no food.


Message History

The orc priest is almost dead.
The orc priest mumbles some strange prayers to Beogh against you.
Pain shoots through your body!
You closely miss the orc priest.
The orc priest is almost dead.
The orc priest mumbles some strange prayers to Beogh against you.
Beogh smites you!
* * * LOW HITPOINT WARNING * * *
You hit the orc priest but do no damage.
The orc priest is almost dead.
The orc priest looks braver for a moment.
The orc priest hits you with a +0 short sword.
* * * LOW HITPOINT WARNING * * *
You barely miss the orc priest.
The orc priest is almost dead.
The orc priest looks encouraged for a moment.
You hit the orc priest but do no damage.
The orc priest is almost dead.
The orc priest hits you with a +0 short sword.
You die...

####..#.......#.# #..........#
#
..###.#.......#.###..........#
#
..'..................))).>...#
#
..###....(....#.###...)......#
# ..# ##........#[#
############ # ..#
#.....[..#.# # ..#
#.###.####.#################
### #..##.#
#.................. ##.##.#
##@################ #.##.#
#.o# #..#.# #### ##.#.# #.#.#
#...# ####..# #..[[.# #.##..#


You could see an orc priest.

Vanquished Creatures
  Sigmund (D:2)
  An ice beast (D:5)
  2 centaurs (D:5)
  An ogre (D:4)
  A scorpion (D:4)
  A hound (D:4)
  A bullfrog skeleton (D:4)
  3 orc priests
  3 orc wizards (D:5)
  Jessica (D:2)
  3 worker ants
  A worker ant zombie (D:5)
  Robin (D:2)
  5 adders
  3 oozes
  3 worms
  3 dart slugs
  3 leopard geckos
  18 orcs
  A ball python (D:3)
  2 bats
  2 giant cockroaches
  19 goblins
  13 hobgoblins
  7 jackals
  9 kobolds
  2 quokkas
  6 frilled lizards
  A jackal skeleton (D:5)
  A leopard gecko skeleton (D:4)
  A quokka skeleton (D:4)
  A rat (D:3)
120 creatures vanquished.

Notes
Turn   | Place    | Note
-------+----------+-------------------------------------------
     0 | D:1      | Emblim88 the Spriggan Berserker began the quest for the
                  | Orb.
     0 | D:1      | Reached XP level 1. HP: 11/11 MP: 2/2
   141 | D:1      | Reached skill level 5 in Dodging
   307 | D:1      | Reached XP level 2. HP: 13/16 MP: 3/3
   864 | D:2      | Noticed Sigmund
   881 | D:2      | Killed Sigmund
   881 | D:2      | Reached skill level 1 in Throwing
   881 | D:2      | Reached skill level 8 in Dodging
   881 | D:2      | Reached XP level 3. HP: 19/19 MP: 4/4
   881 | D:2      | Reached XP level 4. HP: 23/23 MP: 5/5
   881 | D:2      | Reached XP level 5. HP: 27/27 MP: 6/6
  1293 | D:2      | Reached ** piety under Trog
  1383 | D:2      | Noticed Jessica
  1396 | D:2      | Killed Jessica
  1396 | D:2      | Reached skill level 1 in Stealth
  1650 | D:3      | Identified the +1 helmet of Virtue {rElec rC+ Int-2 Dex+8}
  1650 | D:3      | Noticed Robin
  1659 | D:2      | Killed Robin
  2027 | D:3      | Reached XP level 6. HP: 32/32 MP: 7/7
  2360 | D:3      | Reached skill level 9 in Dodging
  3319 | D:4      | Reached skill level 10 in Dodging
  3321 | D:4      | Reached *** piety under Trog
  3391 | D:4      | Reached XP level 7. HP: 28/35 MP: 8/8
  3750 | D:4      | Found a glowing silver altar of Zin.
  3955 | D:4      | Found an ornate altar of the Wu Jian Council.
  4527 | D:5      | Entered Level 5 of the Dungeon
  4608 | D:5      | Upgraded the game from 0.25-a0-513-ge77a69270c to
                  | 0.25-a0-516-g7d600cd9ad
  5321 | D:5      | Reached skill level 5 in Evocations
  5321 | D:5      | Reached XP level 8. HP: 23/40 MP: 12/12
  5487 | D:5      | Found a staircase to the Ecumenical Temple.
  5517 | D:5      | Reached skill level 1 in Long Blades
  5576 | D:5      | HP: 2/40 [orc priest/+0 short sword (3)]
  5578 | D:5      | Slain by an orc priest

Levels and vault maps discovered:
D:1:      saegor_arrival_simple_a, layout_rooms, minivault_23,
          dk_noncrumbling_3, minmay_door_square
D:2:      minmay_inner_zag, layout_basic, minmay_parallelograms, uniq_jessica,
          uniq_sigmund
D:3:      layout_loops_cross, first_ration, minmay_goblin_outpost, uniq_robin
D:4:      layout_basic, lemuel_coloured_pillars_altar, marbit_many_paths
D:5:      layout_basic, minmay_temple_entry_proselytizer

Skill      XL: |  1  2  3  4  5  6  7  8 |
---------------+-------------------------+-----
Dodging        | 5 8 10 | 10.3
Throwing       | 1 2 |  2.8
Stealth        | 1 |  1.0
Short Blades   | 4 |  4.5
Fighting       | 3 |  3.0
Evocations     | 5 |  5.3
Long Blades    | 1 |  1.4

Action                   |  1- 3 |  4- 6 |  7- 9 || total
-------------------------+-------+-------+-------++-------
Melee: Short sword       |    56 |   257 |   186 ||   499
       Scimitar          |       |       |    19 ||    19
Throw: Stone             |    11 |     3 |       ||    14
       Boomerang         |       |    34 |       ||    34
       Dart              |       |    12 |     8 ||    20
Invok: Berserk           |     2 |     4 |     3 ||     9
       Trog's Hand       |       |     1 |     1 ||     2
  Use: Scroll            |       |       |     5 ||     5
 Stab: Sleeping          |       |     5 |     1 ||     6
  Eat: Ration            |       |     3 |     3 ||     6
Armor: Animal skin       |     1 |     1 |       ||     2
       Robe              |       |     5 |     7 ||    12
Dodge: Dodged            |    30 |   234 |   187 ||   451
       Rpst.: Scimitar   |       |       |     4 ||     4

Table legend:
 A = Non-vault XP
 B = Vault XP
 C = Vault XP percentage of total XP
 D = Non-vault monster count
 E = Vault monster count
 F = Vault count percentage of total count
                 A         B        C        D         E       F
            +---------+---------+-------+---------+---------+-------
      Total |    1228 |     324 |  20.9 |      95 |      25 |  20.8
            +---------+---------+-------+---------+---------+-------
        D:1 |      25 |       0 |   0.0 |      13 |       0 |   0.0
        D:2 |      32 |     315 |  90.8 |      12 |      20 |  62.5
        D:3 |     156 |       9 |   5.5 |      32 |       5 |  13.5
        D:4 |     427 |       0 |   0.0 |      19 |       0 |   0.0
        D:5 |     588 |       0 |   0.0 |      19 |       0 |   0.0
            +---------+---------+-------+---------+---------+-------
